 Dungeon Crawl Stone Soup version 0.31-a0-214-gb37851dbb3 (webtiles) character file.

Game seed: 408406407017645158

56 qw the Shooter (level 3, -7/21 HPs)
             Began as a Gargoyle Hexslinger on July 1, 2023.
             Killed from afar by Sigmund (10 damage)
             ... with a magic dart
             ... on level 3 of the Dungeon.
             The game lasted 00:00:33 (1645 turns).

qw the Shooter (Gargoyle Hexslinger)                Turns: 1645, Time: 00:00:34

Health: -7/21      AC: 14    Str: 11    XL:     3   Next: 95%
Magic:  4/4        EV: 10    Int: 13    God:
Gold:   63         SH:  0    Dex: 14    Spells: 3/4 levels left

rFire   . . .        Y - +1 sling
rCold   . . .        (no shield)
rNeg    + . .        h - +0 ring mail
rPois   inf          (no helmet)
rElec   +            (no cloak)
rCorr   .            (no gloves)
SInv    .            c - +1 pair of boots
Will    .....        (no amulet)
Stlth   +            f - +4 ring of protection
HPRegen 0.23/turn    (no ring)
MPRegen 0.09/turn

%: no passive effects
@: no status effects
A: sickness immunity, AC +3, negative energy resistance 1, electricity
resistance, torment resistance 1, petrification resistance
a: no special abilities


You were on level 3 of the Dungeon.
You visited 1 branch of the dungeon, and saw 3 of its levels.

You collected 147 gold pieces.
You spent 84 gold pieces at shops.


Innate Abilities, Weirdness & Mutations

You are immune to sickness and miasma.
Your stone body is resilient. (AC +3)
You are immune to poison.
You resist negative energy. (rN+)
You are resistant to electric shocks. (rElec)
You are resistant to unholy torment.
You are immune to petrification.


   Skills:
 - Level 2.1 Fighting
 + Level 3.5 Ranged Weapons
 - Level 1.0 Armour
 - Level 1.5 Dodging
 - Level 1.0 Spellcasting
 - Level 2.6 Hexes


You had 3 spell levels left.
You knew the following spells:

 Your Spells              Type           Power      Damage    Failure   Level
a - Slow                  Hex            28%        N/A       22%         1

Your spell library contained the following spells:

 Spells                   Type           Power      Damage    Failure   Level
 Inner Flame              Hex/Fire       4%         N/A       75%         3
 Portal Projectile        Hex/Tloc       8%         N/A       75%         3
 Cause Fear               Hex            3%         N/A       91%         4

Inventory:

Hand Weapons
 Y - a +1 sling (weapon)
Armour
 c - a +1 pair of boots (worn)
 h - a +0 ring mail (worn)
Jewellery
 f - a +4 ring of protection (left hand)
Scrolls
 e - a scroll of identify
Potions
 a - a potion of magic
 b - a potion of brilliance {unknown}
 d - a potion of heal wounds {unknown}
 g - a potion of invisibility {unknown}
 i - 3 potions of curing

Dungeon Overview and Level Annotations

Branches:
Dungeon (3/15)

Altars:

Shops:
D:1 ([([   D:2 !

Annotations:
D:3 Sigmund


Message History

The sling bullet hits the kobold.
The kobold is severely wounded.
Sigmund gestures at you while chanting.
The magic dart hits you but does no damage.
Sigmund barely misses you.
You shoot a sling bullet. The sling bullet barely misses Sigmund.
The sling bullet hits the kobold.
You kill the kobold!
You shoot a sling bullet.
The sling bullet hits Sigmund but does no damage.
Sigmund is moderately wounded.
Sigmund points at you and mumbles some strange words.
The magic dart hits you. Sigmund gestures at you while chanting.
The puff of flame misses you.
You shoot a sling bullet.
The sling bullet hits Sigmund but does no damage.
Sigmund is moderately wounded.
Sigmund hits you from afar with a +0 scythe.
You shoot a sling bullet. The sling bullet hits Sigmund.
Sigmund is heavily wounded.
Sigmund hits you from afar with a +0 scythe!
1632 ||| READING 2 scrolls of identify.
As you read the scroll of identify, it crumbles to dust.
a - a potion of magic;
1632 ||| IDENTIFYING yellow potion Sigmund casts a spell at you.
The puff of flame hits you.
You start resting.
Sigmund is nearby!
1642 ||| FLEEEEING.
Sigmund gestures wildly while chanting.
Sigmund flickers and vanishes!
Deactivating autopickup; reactivate with Ctrl-A.
1643 ||| STILL FLEEEEING.
Something hits you but does no damage.
1644 ||| STILL FLEEEEING.
1645 ||| STILL FLEEEEING.
A magic dart appears from out of thin air!
The magic dart hits you!
You die...

########################
..).......@............
#############{##.....#
#........#.....#
#..............#
#.........@....#
##........#.....#
#)........#.....#
#.......###[..).# ######
#.......# #####.##
#....# #.......# #..###
#....# #.......#
##.%.###....# #.....%.#
###..##....# #.......#
##.##....#


There were no monsters in sight!

Vanquished Creatures
  2 adders
  A worm (D:2)
  2 dart slugs
  3 bats
  4 endoplasms
  2 giant cockroaches (D:1)
  2 goblins
  A hobgoblin (D:1)
  4 kobolds
  A quokka (D:1)
  4 ball pythons
  3 frilled lizards (D:1)
  3 rats
32 creatures vanquished.

Notes
Turn   | Place    | Note
-------+----------+-------------------------------------------
     0 | D:1      | qw the Gargoyle Hexslinger began the quest for the Orb.
     0 | D:1      | Reached XP level 1. HP: 12/12 MP: 2/2
     0 | D:1      | 0 ||| qw: Version: 0.3-a-32-g5962c71
     0 | D:1      | 0 ||| qw: Game counter: 7503
     0 | D:1      | 0 ||| qw: Melee chars always use a shield: true
     0 | D:1      | 0 ||| qw: God list: Okawaru
     0 | D:1      | 0 ||| qw: Allow faded altars: false
     0 | D:1      | 0 ||| qw: Do Orc after clearing Dungeon:15 true
     0 | D:1      | 0 ||| qw: Do second Lair branch before Depths: true
     0 | D:1      | 0 ||| qw: Lair rune preference: random
     0 | D:1      | 0 ||| qw: Goals: Normal
     0 | D:1      | 0 ||| PLANNING D:1-11
   172 | D:1      | Found Adaente's Antique Weapon Shop.
   244 | D:1      | Reached XP level 2. HP: 13/16 MP: 3/3
   266 | D:1      | Noticed an animated shadow dragon scales
   268 | D:1      | Found Dutaew's Armour Shop.
   269 | D:1      | 269 ||| UPGRADING to +0 ring mail.
   279 | D:1      | 279 ||| DROPPING +0 robe.
   280 | D:1      | 280 ||| UPGRADING to +4 ring of protection.
   281 | D:1      | 281 ||| READING scroll labelled JIWOHI POAZI.
   330 | D:1      | Found Neufim's Antique Armour Shop.
   340 | D:1      | 340 ||| SHOPLISTING glowing ring mail (168 gold, have 68).
   340 | D:1      | 340 ||| SHOPLISTING pair of crude gloves (228 gold, have
                  | 68).
   340 | D:1      | 340 ||| SHOPLISTING pair of embroidered gloves (180 gold,
                  | have 68).
   516 | D:1      | 516 ||| UPGRADING to +1 pair of boots.
   543 | D:1      | Noticed an animated storm dragon scales
   551 | D:1      | 551 ||| SHOPLISTING +2 leather armour "Todoats" {Str+3}
                  | (278 gold, have 84).
   551 | D:1      | 551 ||| SHOPLISTING +3 hat of Pondering {ponderous, Will+
                  | MP+10 Int+5} (419 gold, have 84).
   612 | D:1      | Reached skill level 3 in Ranged Weapons
   716 | D:1      | Found Zewoapor's Weapon Shoppe.
   802 | D:1      | 802 ||| READING scroll labelled DAFEMO LYITOA.
   803 | D:1      | 803 ||| READING scroll labelled EGAQIT NYGOLUUWK.
   804 | D:1      | 804 ||| DROPPING scroll of poison.
   844 | D:2      | Reached XP level 3. HP: 16/21 MP: 4/4
   991 | D:2      | Reached skill level 1 in Armour
   993 | D:2      | Found Nogoiwib's Distillery.
  1001 | D:2      | 1001 ||| BUYING 2 potions of curing (84 gold).
  1001 | D:2      | Bought 2 potions of curing for 84 gold pieces
  1001 | D:2      | 1001 ||| SHOPLISTING potion of curing (42 gold, have 26).
  1001 | D:2      | 1001 ||| SHOPLISTING potion of enlightenment (70 gold, have
                  | 26).
  1001 | D:2      | 1001 ||| SHOPLISTING potion of heal wounds (70 gold, have
                  | 26).
  1001 | D:2      | 1001 ||| SHOPLISTING potion of might (56 gold, have 26).
  1001 | D:2      | 1001 ||| SHOPLISTING potion of mutation (112 gold, have
                  | 26).
  1429 | D:2      | 1429 ||| READING scroll labelled JAS YKLEVUGI.
  1623 | D:3      | Noticed Sigmund
  1631 | D:3      | HP: 4/21 [Sigmund/+0 scythe (8)]
  1632 | D:3      | 1632 ||| READING 2 scrolls of identify.
  1632 | D:3      | 1632 ||| IDENTIFYING yellow potion
  1634 | D:3      | HP: 1/21 [Sigmund/puff of flame (4)]
  1642 | D:3      | 1642 ||| FLEEEEING.
  1645 | D:3      | Killed from afar by Sigmund

Levels and vault maps discovered:
D:1:      dpeg_arrival_solitude, layout_basic, serial_shops,
          nicolae_shop_back_alley_shop, nicolae_shop_mannequins,
          nicolae_lakefront_shop, nicolae_shop_bloodbath_and_beyond,
          minmay_tripent
D:2:      layout_basic, serial_shops, shop
D:3:      layout_basic, minivault_23, uniq_terence, uniq_sigmund

Skill      XL: |  1  2  3 |
---------------+----------+-----
Ranged Weapons | 3 |  3.5
Fighting       | 2 |  2.1
Armour         | 1 |  1.0
Dodging        | |  1.5
Spellcasting   | |  1.0
Hexes          | |  2.6

Action                     || total
---------------------------++-------
   Fire: Sling             ||   109
    Use: Scroll            ||     5
 Armour: Robe              ||     1
         Ring mail         ||    29
  Dodge: Dodged            ||    39

Table legend:
 A = Non-vault XP
 B = Vault XP
 C = Vault XP percentage of total XP
 D = Non-vault monster count
 E = Vault monster count
 F = Vault count percentage of total count
                 A         B        C        D         E       F
            +---------+---------+-------+---------+---------+-------
      Total |      77 |       3 |   3.8 |      30 |       2 |   6.2
            +---------+---------+-------+---------+---------+-------
        D:1 |      24 |       3 |  11.1 |      13 |       2 |  13.3
        D:2 |      33 |       0 |   0.0 |      10 |       0 |   0.0
        D:3 |      20 |       0 |   0.0 |       7 |       0 |   0.0
            +---------+---------+-------+---------+---------+-------
